 Dungeon Crawl Stone Soup version 0.29.1-15-g9cfb28693d (webtiles) character file.

Game seed: 10411048485733476873

480 Peloso the Slasher (level 6, -3/55 HPs)
             Began as a Minotaur Fighter on Apr 2, 2023.
             Slain by an ogre
             ... wielding a +0 giant club
              (24 damage)
             ... on level 4 of the Dungeon.
             The game lasted 00:05:46 (3850 turns).

Peloso the Slasher (Minotaur Fighter)               Turns: 3850, Time: 00:05:46

Health: -3/55      AC: 17    Str: 20    XL:     6   Next: 86%
Magic:  5/5        EV:  7    Int:  5    God:
Gold:   256        SH:  5    Dex: 12    Spells: 5/5 levels left

rFire   . . .      SeeInvis +   a - +0 long sword
rCold   . . .      Faith    .   d - +0 buckler
rNeg    . . .      Spirit   .   l - +0 chain mail
rPois   .          Reflect  .   (helmet restricted)
rElec   .          Harm     .   (no cloak)
rCorr   .          Rampage  .   c - +2 pair of gloves
Will    .....                   (no boots)
Stlth   ..........              (no amulet)
HPRegen 0.18/turn               j - +4 ring of protection
MPRegen 0.09/turn               g - ring of see invisible

@: no status effects
A: horns 2, retaliatory headbutt
a: no special abilities


You were on level 4 of the Dungeon.
You visited 1 branch of the dungeon, and saw 4 of its levels.

You collected 256 gold pieces.

Inventory:

Hand Weapons
 a - a +0 long sword (weapon)
Armour
 b - a +0 scale mail
 c - a +2 pair of gloves (worn)
 d - a +0 buckler (worn)
 l - a +0 chain mail (worn)
Jewellery
 g - a ring of see invisible (right hand)
 j - a +4 ring of protection (left hand)
Wands
 o - a wand of flame (15)
Scrolls
 e - a scroll of magic mapping
 f - a scroll of enchant armour
 h - 2 scrolls of identify
 m - a scroll of blinking
 n - a scroll of teleportation
Potions
 i - a potion of might
 k - 2 potions of curing
 p - a potion of brilliance {unknown}


   Skills:
 + Level 4.9 Fighting
 + Level 6.0 Long Blades
 + Level 5.5 Armour
 + Level 1.4 Dodging
 + Level 0.7 Stealth
 + Level 4.6 Shields


You had 5 spell levels left.
You didn't know any spells.
Your spell library contained the following spells:

 Spells                   Type           Power      Damage    Failure   Level
 Foxfire                  Conj/Fire      0%         2x1d4     99%         1
 Summon Small Mammal      Summ           0%         N/A       99%         1
 Call Canine Familiar     Summ           0%         N/A       100%        3
 Conjure Flame            Conj/Fire      0%         6-21      100%        3
 Ignite Poison            Fire/Tmut/Pois 0%         N/A       100%        3
 Inner Flame              Hex/Fire       0%         N/A       100%        3
 Mephitic Cloud           Conj/Pois/Air  0%         N/A       100%        3
 Summon Guardian Golem    Hex/Summ       0%         N/A       100%        3
 Flame Wave               Conj/Fire      0%         2d4       100%        4
 Freezing Cloud           Conj/Ice/Air   0%         6-21      100%        5


Dungeon Overview and Level Annotations

Branches:
Dungeon (4/15)
 Temple: D:4-7

Altars:
Trog
Zin

Shops:
D:2 :


Innate Abilities, Weirdness & Mutations

You have a pair of horns on your head.
You reflexively headbutt those who attack you in melee.


Message History

You slash the hobgoblin!
You kill the hobgoblin!
The endoplasm hits you but does no damage. x2
The endoplasm hits you but does no damage.
Found a stone staircase leading down.
You slash the endoplasm!
You kill the endoplasm!
A goblin comes into view. It is wielding a +0 dagger.
The goblin hits you but does no damage.
You barely miss the goblin.
The goblin shouts!
Your headbutt misses the goblin. The goblin hits you but does no damage.
You slash the goblin!
You kill the goblin!
You see here a +0 club.
You completely miss the goblin. The goblin barely misses you.
You hit the goblin. You headbutt the goblin.
You kill the goblin!
Things that are here:
a +0 dagger; a goblin corpse You now have 256 gold pieces (gained 12).
You see here a +0 leather armour.
p - an inky potion An ogre comes into view.
It is wielding a +0 giant club.
An ogre is nearby!
The ogre shouts!
You completely miss the ogre. The ogre hits you but does no damage.
You hit the ogre but do no damage. The ogre hits you with a +0 giant club!
You hit the ogre. You headbutt the ogre!
The ogre is moderately wounded.
The ogre hits you with a +0 giant club!
You hit the ogre but do no damage.
The ogre is moderately wounded.
You barely miss the ogre.
The ogre is moderately wounded.
The ogre hits you with a +0 giant club!
You slash the ogre!
The ogre is heavily wounded.
The ogre hits you with a +0 giant club!!
You die...

............ +#
........... ..
#...|......>.. #.
#............# #.
#............# #.
#............+ #.
#..O.........# #.
#..@.........# #.
#............#######
#...................
#...................
#..........)........
#...................
#.........)..####...
#............)..#...
#....>.......#..#...


You could see an ogre.

Vanquished Creatures
  Grinder (D:3)
  A hound (D:2)
  3 iguanas
  Robin (D:4)
  2 adders (D:3)
  7 gnolls (D:2)
  3 worms
  An orc (D:4)
  5 ball pythons
  5 bats
  11 endoplasms
  3 giant cockroaches
  9 goblins
  8 hobgoblins
  7 jackals
  4 quokkas
  3 kobolds
  4 rats
  A spectral goblin (D:3)
79 creatures vanquished.

Notes
Turn   | Place    | Note
-------+----------+-------------------------------------------
     0 | D:1      | Peloso the Minotaur Fighter began the quest for the Orb.
     0 | D:1      | Reached XP level 1. HP: 19/19 MP: 0/0
   305 | D:1      | Reached XP level 2. HP: 27/27 MP: 1/1
   951 | D:2      | Reached XP level 3. HP: 26/33 MP: 2/2
   962 | D:2      | Reached skill level 3 in Long Blades
  1244 | D:2      | Found Retaoki's Book Emporium.
  1419 | D:2      | Reached XP level 4. HP: 28/40 MP: 3/3
  1826 | D:2      | Reached skill level 4 in Long Blades
  2079 | D:2      | Reached XP level 5. HP: 46/46 MP: 4/4
  2432 | D:3      | Found a glowing silver altar of Zin.
  2446 | D:3      | Found a faded altar of an unknown god.
  2605 | D:3      | Reached skill level 5 in Armour
  2705 | D:3      | Noticed Grinder
  2733 | D:3      | Paralysed by Grinder for 4 turns
  2740 | D:3      | Killed Grinder
  2741 | D:3      | Reached skill level 5 in Long Blades
  2741 | D:3      | Reached skill level 1 in Dodging
  2741 | D:3      | Reached XP level 6. HP: 19/55 MP: 5/5
  3167 | D:3      | Found a bloodstained altar of Trog.
  3743 | D:4      | Noticed Robin
  3777 | D:4      | Killed Robin
  3778 | D:4      | Reached skill level 6 in Long Blades
  3850 | D:4      | Slain by an ogre

Illustrated notes

Levels and vault maps discovered:
D:1:      dpeg_arrival_arbitrary_a, layout_basic, nrook_uturn,
          minmay_pentomino_v2
D:2:      layout_loops_ring, serial_shops, shop, eino_tiny_chamber,
          chequers_serial_rivers_large_a
D:3:      layout_loops_corners, bloody_trog, zin_academy,
          dreamdust_ecumenical_altar_drowned_temple, uniq_grinder
D:4:      layout_gridville, minivault_25, uniq_robin

Skill      XL: |  1  2  3  4  5  6 |
---------------+-------------------+-----
Armour         | 4 5 |  5.5
Fighting       | 4 |  4.9
Shields        | 4 |  4.6
Long Blades    | 3 4 5 6 |  6.0
Dodging        | 1 |  1.4
Stealth        | |  0.7

Action                   |  1- 3 |  4- 6 || total
-------------------------+-------+-------++-------
Melee: Long sword        |    68 |   145 ||   213
       Headbutt          |    13 |    28 ||    41
  Use: Potion            |     1 |     2 ||     3
       Scroll            |     1 |     5 ||     6
Armor: Scale mail        |    40 |    38 ||    78
       Chain mail        |       |    15 ||    15
Dodge: Dodged            |    32 |    48 ||    80
Block: Buckler           |    21 |    27 ||    48
